 Dungeon Crawl Stone Soup version 0.31-a0-187-gba352fbbf7 (webtiles) character file.

Game seed: 2593866777067348747

84 qw the Shooter (level 4, -3/25 HPs)
             Began as a Deep Elf Hunter on June 22, 2023.
             Slain by Terence
             ... wielding a +0 flail
              (7 damage)
             ... on level 2 of the Dungeon.
             The game lasted 00:00:38 (1464 turns).

qw the Shooter (Deep Elf Hunter)                    Turns: 1464, Time: 00:00:39

Health: -3/25      AC:  3    Str: 10    XL:     4   Next: 23%
Magic:  6/6        EV: 12    Int: 14    God:
Gold:   78         SH:  0    Dex: 18    Spells: 3/3 levels left

rFire   . . .        Y - +0 shortbow
rCold   . . .        (shield currently unavailable)
rNeg    . . .        c - +0 leather armour
rPois   .            (no helmet)
rElec   .            (no cloak)
rCorr   .            (no gloves)
SInv    .            (no boots)
Will    .....        (no amulet)
Stlth   ++           (no ring)
HPRegen 0.24/turn    (no ring)
MPRegen 0.10/turn

%: no passive effects
@: no status effects
A: no striking features
a: no special abilities


You were on level 2 of the Dungeon.
You visited 1 branch of the dungeon, and saw 2 of its levels.

You collected 78 gold pieces.


   Skills:
 - Level 1.5 Fighting
 + Level 7.6 Ranged Weapons
 - Level 2.4 Dodging
 - Level 1.2 Stealth


You had 3 spell levels left.
You didn't know any spells.
Your spell library was empty.

Inventory:

Hand Weapons
 Y - a +0 shortbow (weapon)
Armour
 c - a +0 leather armour (worn)
Jewellery
 h - a ring of poison resistance
 n - a ring of protection from fire
Scrolls
 a - 3 scrolls of identify {unknown}
 b - a scroll of amnesia {unknown}
 e - a scroll of fear {unknown}
 f - 2 scrolls of enchant armour
Potions
 d - a potion of lignification {unknown}
 g - a potion of berserk rage {unknown}
 i - a potion of heal wounds {unknown}
 j - a potion of enlightenment {unknown}
 k - a potion of might {unknown}
 l - a potion of resistance
 m - a potion of haste {unknown}

Dungeon Overview and Level Annotations

Branches:
Dungeon (2/15)

Altars:
Kikubaaqudgha

Shops:
D:2 :

Annotations:
D:2 Terence


Message History

Terence the Incautious comes into view.
He is wielding a +0 flail.
Terence shouts!
Enter note:
Enter note:
Enter note:
Enter note:
Enter note:
Enter note: You shoot an arrow.
The arrow barely misses Terence.
You shoot an arrow. The arrow barely misses Terence.
Terence misses you.
You shoot an arrow. The arrow hits Terence.
Terence is lightly wounded.
Terence closely misses you.
You shoot an arrow. The arrow hits Terence!
Terence is moderately wounded.
Terence barely misses you.
You shoot an arrow. The arrow barely misses Terence.
Terence closely misses you.
You shoot an arrow. The arrow hits Terence.
Terence is heavily wounded.
Terence closely misses you. Terence hits you with a +0 flail.
You shoot an arrow. The arrow hits Terence.
Terence is heavily wounded.
Terence hits you with a +0 flail!
You shoot an arrow.
The arrow hits Terence but does no damage.
Terence is heavily wounded.
Terence hits you with a +0 flail.
You shoot an arrow. The arrow barely misses Terence.
Terence hits you with a +0 flail.
You shoot an arrow. The arrow closely misses Terence.
Terence barely misses you.
You shoot an arrow.
The arrow hits Terence but does no damage.
Terence is heavily wounded.
Terence misses you.
You shoot an arrow. The arrow closely misses Terence.
Terence hits you with a +0 flail!
You die...

##.##.....................###
#..#...............<..####
##.#..................#
#####....................#
.............#+###+#######
######......##.# ..
##.....##.# .#
#######%.......##@#
..............>.@.#
##############.#### #.# #.#
#.# #.# #.# #.# #.#


You could see Terence.

Vanquished Creatures
  3 adders (D:2)
  A worm (D:2)
  2 dart slugs (D:2)
  4 ball pythons
  4 endoplasms
  6 giant cockroaches
  2 goblins
  2 hobgoblins (D:2)
  4 quokkas
  5 bats
  4 frilled lizards
  7 kobolds
  3 rats (D:1)
47 creatures vanquished.

Notes
Turn   | Place    | Note
-------+----------+-------------------------------------------
     0 | D:1      | qw the Deep Elf Hunter began the quest for the Orb.
     0 | D:1      | Reached XP level 1. HP: 12/12 MP: 3/3
     0 | D:1      | 0 ||| qw: Version: 0.3-a-9-g12657ce
     0 | D:1      | 0 ||| qw: Game counter: 1957
     0 | D:1      | 0 ||| qw: Always use a shield: true
     0 | D:1      | 0 ||| qw: God list: Okawaru
     0 | D:1      | 0 ||| qw: Allow faded altars: false
     0 | D:1      | 0 ||| qw: Do Orc after D:15 true
     0 | D:1      | 0 ||| qw: Do second Lair branch before Depths: true
     0 | D:1      | 0 ||| qw: Lair rune preference: random
     0 | D:1      | 0 ||| qw: Plans: Normal
     0 | D:1      | 0 ||| PLANNING D:1-11
   302 | D:1      | Reached XP level 2. HP: 16/16 MP: 4/4
   336 | D:1      | Reached skill level 6 in Ranged Weapons
   870 | D:1      | 870 ||| READING scroll labelled ATIOMO QUUS.
   874 | D:1      | 874 ||| READING 3 scrolls labelled NUGGEU GANIR.
   875 | D:1      | 875 ||| READING scroll labelled OTTYCS YSANN.
   876 | D:1      | 876 ||| READING scroll labelled NIP TUCVURCH.
   977 | D:1      | 977 ||| DRINKING 2 metallic coppery potions.
   978 | D:1      | 978 ||| DROPPING scroll of butterflies.
   998 | D:2      | Found an ancient bone altar of Kikubaaqudgha.
  1030 | D:2      | Reached XP level 3. HP: 20/20 MP: 5/5
  1057 | D:2      | Found Iwulad's Vocational Training.
  1066 | D:2      | 1066 ||| FLEEEEING.
  1067 | D:2      | 1067 ||| FLEEEEING.
  1144 | D:2      | Reached skill level 7 in Ranged Weapons
  1167 | D:2      | 1167 ||| FLEEEEING.
  1168 | D:2      | 1168 ||| FLEEEEING.
  1169 | D:2      | 1169 ||| FLEEEEING.
  1170 | D:2      | 1170 ||| FLEEEEING.
  1226 | D:2      | Reached XP level 4. HP: 25/25 MP: 6/6
  1452 | D:2      | Noticed Terence
  1461 | D:2      | HP: 3/25 [Terence/+0 flail (5)]
  1464 | D:2      | Slain by Terence

Levels and vault maps discovered:
D:1:      ebering_hopf_link, layout_basic, dk_noncrumbling_2
D:2:      layout_basic, basic_altar, nicolae_shop_vocational, uniq_terence

Skill      XL: |  1  2  3 |
---------------+----------+-----
Ranged Weapons | 6 7 |  7.6
Fighting       | |  1.5
Dodging        | |  2.4
Stealth        | |  1.2

Action                     |  1- 3 |  4- 6 || total
---------------------------+-------+-------++-------
   Fire: Shortbow          |   142 |    19 ||   161
    Use: Scroll            |     4 |       ||     4
         Potion            |     1 |       ||     1
 Armour: Leather armour    |    14 |       ||    14
  Dodge: Dodged            |    42 |     7 ||    49

Table legend:
 A = Non-vault XP
 B = Vault XP
 C = Vault XP percentage of total XP
 D = Non-vault monster count
 E = Vault monster count
 F = Vault count percentage of total count
                 A         B        C        D         E       F
            +---------+---------+-------+---------+---------+-------
      Total |     120 |       0 |   0.0 |      47 |       0 |   0.0
            +---------+---------+-------+---------+---------+-------
        D:1 |      36 |       0 |   0.0 |      23 |       0 |   0.0
        D:2 |      84 |       0 |   0.0 |      24 |       0 |   0.0
            +---------+---------+-------+---------+---------+-------
